Map: Para Site LE

Players

Jdiez

  • Race: Protoss Protoss
  • League: Diamond
  • Spawn Location: 5:00

Dod - Winner!

  • Race: Zerg Zerg
  • League: Diamond
  • Spawn Location: 11:00

VOD

Have the link to the VOD?

Description

Time

  • Played on: Aug. 18, 2018, 12:21 p.m.
  • Length: 4:51
Show
View Real Time Build Order
Export as new Build Order

Jdiez Protoss 

Build Orders: 1 Gate Expand 

Get SALT Encoding   

  12  0:02  Probe  
  13  0:14  Probe  
  13  0:18  Pylon  
  14  0:30  Probe  
  15  0:36  Gateway  
  15  0:38  Probe  
  16  0:46  Probe  
  16  0:48  Assimilator  
  16  0:57  Probe  
  18  1:09  Probe  
  19  1:21  Probe  
  20  1:30  Nexus  
  20  1:41  Cybernetics Core  
  20  1:44  Probe  
  21  1:53  Pylon  
  21  1:59  Probe  
  22  2:08  Adept  
  22  2:11  Probe  
  23  2:18  Warp Gate  
  25  2:23  Probe  
  25  2:24  Twilight Council  
  25  2:27  Assimilator  
  25  2:28  Adept  
  28  2:37  Probe  
  29  2:47  Probe  
  29  2:49  Probe  
  29  2:51  Adept  
  33  2:59  Probe  
  34  3:10  Adept  
  34  3:16  Gateway  
  36  3:22  Gateway  
  36  3:25  Probe  
  36  3:26  Probe  
  38  3:37  Probe  
  38  3:40  Adept  
  41  3:43  Probe  
  41  3:45  Shield Battery  
  42  3:49  Probe  
  42  3:55  Probe  
  44  4:02  Probe  
  45  4:04  Pylon  
  45  4:05  Pylon  
  45  4:07  Probe  
  46  4:18  Robotics Facility  
  46  4:22  Adept x2  
  46  4:23  Adept  
  17  4:46  Zealot x3  
Show
View Real Time Build Order
Export as new Build Order

Dod Zerg - Winner!

Build Orders: Hatch First, Zergling Baneling 

Get SALT Encoding   

  12  0:02  Drone  
  13  0:14  Drone  
  13  0:17  Overlord  
  14  0:35  Drone x2  
  16  0:37  Drone  
  17  0:55  Hatchery  
  16  1:01  Drone  
  16  1:02  Drone  
  18  1:07  Extractor  
  17  1:15  Drone  
  18  1:21  Spawning Pool  
  18  1:23  Drone  
  18  1:34  Drone  
  19  1:42  Overlord  
  19  1:58  Drone  
  20  2:02  Hatchery  
  19  2:10  Zergling x2  
  19  2:11  Zergling x2  
  19  2:13  Queen  
  23  2:24  Queen  
  25  2:30  Metabolic Boost  
  25  3:00  Baneling Nest  
  24  3:23  Zergling x2  
  24  3:24  Zergling x18  
  33  3:42  Zergling x2  
  33  3:43  Zergling x10  
  38  3:58  Baneling  
  38  3:59  Baneling  
  38  4:01  Baneling x3  
  38  4:02  Baneling x3  
  38  4:12  Zergling x2  
  38  4:13  Zergling x6  
Tags
 
Add a new tag
Caveats
  • Supply blocks, unpowered buildings, or Contaminate may cause inaccurate times.
  • Supply counts are checked every 10 seconds.